 Dungeon Crawl Stone Soup version 0.29-a0-1023-g6ae1a4a2c7 (webtiles) character file.

Game seed: 8888794627750099493

49 bladeefan the Cudgeller (level 3, -6/33 HPs)
             Began as a Hill Orc Monk on Aug 11, 2022.
             Mangled by a gnoll
             ... wielding a +0 flail
              (9 damage)
             ... on level 2 of the Dungeon.
             The game lasted 00:02:10 (1984 turns).

bladeefan the Cudgeller (Hill Orc Monk)             Turns: 1984, Time: 00:02:10

Health: -6/33      AC:  2    Str: 15    XL:     3   Next: 77%
Magic:  3/3        EV: 12    Int: 10    God:
Gold:   72         SH:  0    Dex: 13    Spells: 2/2 levels left

rFire   . . .      SeeInvis .   a - +0 mace
rCold   . . .      Faith    .   (no shield)
rNeg    . . .      Spirit   .   b - +0 robe
rPois   .          Reflect  .   (no helmet)
rElec   .          Harm     .   (no cloak)
rCorr   .          Rampage  .   (no gloves)
Will    .....                   (no boots)
Stlth   ++........              (no amulet)
HPRegen 0.11/turn               i - ring of wizardry
MPRegen 0.08/turn               j - ring of flight

@: flying
A: no striking features
a: no special abilities


You were on level 2 of the Dungeon.
You visited 1 branch of the dungeon, and saw 2 of its levels.

You collected 72 gold pieces.

Inventory:

Hand Weapons
 a - a +0 mace (weapon)
Armour
 b - a +0 robe (worn)
Jewellery
 i - a ring of wizardry (left hand)
   (You found it on level 1 of the Dungeon)
 j - a ring of flight (right hand)
   (You found it on level 1 of the Dungeon)
Scrolls
 h - a scroll of vulnerability {unknown}
 k - a scroll of teleportation {unknown}
 l - a scroll of noise {unknown}
 n - 2 scrolls of fear {unknown}
 o - a scroll of poison {unknown}
Potions
 d - a potion of might {unknown}
 e - a potion of resistance {unknown}
 f - a potion of brilliance {unknown}
 g - a potion of curing {unknown}
 m - 2 potions of degeneration {unknown}


   Skills:
 + Level 4.1 Fighting
 * Level 4.1 Maces & Flails
 + Level 2.7 Dodging
 + Level 2.0 Stealth


You had 2 spell levels left.
You didn't know any spells.
Your spell library contained the following spells:

 Spells                   Type           Power      Damage    Failure   Level
 Ensorcelled Hibernation  Hex/Ice        0%         N/A       22%         2
 Gell's Gravitas          Tloc           0%         N/A       41%         3
 Lesser Beckoning         Tloc           0%         N/A       41%         3
 Ozocubu's Armour         Ice            0%         N/A       41%         3
 Spider Form              Tmut/Pois      0%         N/A       41%         3
 Teleport Other           Tloc           0%         N/A       41%         3
 Anguish                  Hex/Necr       0%         N/A       80%         4
 Metabolic Englaciation   Hex/Ice        0%         N/A       98%         5
 Simulacrum               Ice/Necr       0%         N/A       100%        6


Dungeon Overview and Level Annotations

Branches:
Dungeon (2/15)

Altars:

Shops:
D:1 [


Message History

You hit the adder. The adder closely misses you. The adder barely misses you.
You hit the adder. The adder bites you.
You are poisoned.
The adder poisons you!
You closely miss the adder.
You feel sick. The adder barely misses you. The adder closely misses you.
You hit the adder.
You kill the adder!
You feel sick.
No target in view!
No target in view!
No target in view!
You feel sick.
You feel sick.
You feel sick.
You are no longer poisoned.
Key pressed, stopping explore.
n - 2 scrolls labelled IPSITUQ TALL (gained 1)
Things that are here:
a +0 whip; 6 poisoned darts You now have 72 gold pieces (gained 13).
A gnoll comes into view. It is wielding a +0 spear.
The gnoll shouts!
You hear a shout!
A gnoll comes into view. It is wielding a +0 flail.
The gnoll shouts!
You see here a hobgoblin skeleton.
There is a stone staircase leading down here.
There is a stone staircase leading down here.
You hit the gnoll but do no damage. The gnoll barely misses you.
You hit the gnoll. The gnoll hits you with a +0 flail!
The gnoll hits you with a +0 flail.
You hit the gnoll. The gnoll hits you with a +0 flail!
* * * LOW HITPOINT WARNING * * *
You are confused.
You feel invigorated. The gnoll closely misses you.
The gnoll closely misses you.
You miss the gnoll. The gnoll hits you with a +0 flail!
* * * LOW HITPOINT WARNING * * *
You miss the gnoll. The gnoll completely misses you.
Unknown command.
You're too confused to move!
You feel less invigorated.
You feel less confused. The gnoll hits you with a +0 flail.
Unknown command.
You hit the gnoll. The gnoll hits you with a +0 flail!
* * * LOW HITPOINT WARNING * * *
You barely miss the gnoll. The gnoll hits you with a +0 flail!
* * * LOW HITPOINT WARNING * * *
You barely miss the gnoll. The gnoll hits you with a +0 flail!
You die...

.# .# ##### .# #...#
###
.####...##########.#
....'...'..........#
#####...######.....#
#...# #.....# #...#
#..>..# #...#
#..@g.# #####
#####.# ## #.# ..
#.########## #.
#....g.....# #.
##########.# #. #.#
#. #.# #. #g####.


You could see a gnoll.

Vanquished Creatures
  3 adders (D:2)
  A worm (D:2)
  2 ball pythons (D:1)
  2 endoplasms (D:1)
  A goblin (D:1)
  A hobgoblin (D:2)
  3 kobolds (D:2)
  2 quokkas (D:1)
  4 frilled lizards
  2 rats
21 creatures vanquished.

Notes
Turn   | Place    | Note
-------+----------+-------------------------------------------
     0 | D:1      | bladeefan the Hill Orc Monk began the quest for the Orb.
     0 | D:1      | Reached XP level 1. HP: 19/19 MP: 1/1
   392 | D:1      | Found Zetheal's Antique Armour Boutique.
   406 | D:1      | Reached XP level 2. HP: 27/27 MP: 2/2
   857 | D:1      | Found a faded altar of an unknown god.
  1222 | D:2      | Reached XP level 3. HP: 10/33 MP: 3/3
  1984 | D:2      | Mangled by a gnoll

Illustrated notes

Levels and vault maps discovered:
D:1:      minmay_arrival_four_houses, layout_basic, serial_shops, shop,
          hellmonk_ecumenical_altar_inner_sanctum, amcnicky_mini_pool_small
D:2:      layout_basic

Skill      XL: |  1  2  3 |
---------------+----------+-----
Fighting       | 4 |  4.1
Maces & Flails | 4 |  4.1
Stealth        | 2 |  2.0
Dodging        | |  2.7

Action                   || total
-------------------------++-------
Melee: Mace              ||    81
  Use: Potion            ||     1
 Stab: Sleeping          ||     4
Armor: Robe              ||     8
Dodge: Dodged            ||    57

Table legend: (Time is in decaauts)
 A = Elapsed time spent in this place.
 B = Non-inter-level travel time spent in this place.
 C = Inter-level travel time spent in this place.
 D = Time resting spent in this place.
 E = Time spent auto-exploring this place.
 F = Levels seen in this place.
 G = Mean time per level.
                   A        B        C        D        E       F      G
               +--------+--------+--------+--------+--------+-----+--------+
         Total |   1999 |   1988 |     11 |    269 |   1402 |   2 |  999.5 |
       Dungeon |   1999 |   1988 |     11 |    269 |   1402 |   2 |  999.5 |
               +--------+--------+--------+--------+--------+-----+--------+

Top non-repeatable levels by time:
     D:2: 1005 daAuts
     D:1: 993 daAuts
